 Dungeon Crawl Stone Soup version 0.23.2-1-ga50397a6bc (console) character file.

Game seed: 13726787637936470929

15461 Dragon00 the Severer (level 12, -10/103 HPs)
             Began as a Minotaur Berserker on May 7, 2019.
             Was a High Priest of Trog.
             Mangled by a freezing wraith (11 damage)
             ... on level 11 of the Dungeon on May 8, 2019.
             The game lasted 04:17:59 (10797 turns).

Dragon00 the Severer (Minotaur Berserker)          Turns: 10797, Time: 04:17:59

Health: -10/103    AC: 16    Str: 26    XL:     12   Next: 1%
Magic:  11/11      EV: 14    Int:  4    God:    Trog [*****.]
Gold:   794        SH:  0    Dex: 11    Spells: 11/11 levels left

rFire    . . .     SeeInvis .   M - +3 broad axe (chop)
rCold    + . .     Gourm    .   (no shield)
rNeg     . . .     Faith    .   G - +2 chain mail {MR+}
rPois    .         Spirit   .   (helmet restricted)
rElec    +         Reflect  .   (no cloak)
rCorr    .         Harm     .   e - +1 pair of gloves
MR       ++++.                  (no boots)
Stlth    ..........             (no amulet)
HPRegen  1.27/turn              B - ring of protection from cold
MPRegen  0.12/turn              w - +2 ring of evasion

@: regenerating, slowed, very slow
A: retaliatory headbutt, horns 2, frail 1, magic resistance 1, electricity
resistance
a: Berserk, Trog's Hand, Brothers in Arms, Renounce Religion


You were on level 11 of the Dungeon.
You worshipped Trog.
Trog was extremely pleased with you.
You were hungry.

You visited 2 branches of the dungeon, and saw 12 of its levels.

You collected 794 gold pieces.

Inventory:

Hand Weapons
 a - a +1 hand axe
 j - a +0 war axe
 M - a +3 broad axe of chopping (weapon)
Missiles
 f - 4 throwing nets
 q - 10 tomahawks
 s - 5 needles of confusion
 u - 48 poisoned needles
 I - 4 exploding tomahawks (quivered)
Armour
 e - a +1 pair of gloves (worn)
 G - a +2 chain mail of magic resistance (worn)
Jewellery
 h - a +4 ring of intelligence
 p - an uncursed ring of flight
 w - a +2 ring of evasion (right hand)
 B - a ring of protection from cold (left hand)
 D - a +4 ring of intelligence
 N - an uncursed amulet of harm
Wands
 m - a wand of flame (39)
 n - a wand of scattershot (5)
 y - a wand of acid (4)
 E - a wand of enslavement (27)
 H - a wand of random effects (33)
 J - a wand of iceblast (4)
Scrolls
 d - 3 scrolls of teleportation
 k - 3 scrolls of noise
 l - 5 scrolls of identify
 o - a scroll of blinking
 r - 6 scrolls of remove curse
 t - 2 scrolls of immolation
 v - a scroll of amnesia
 x - a scroll of fog
 C - a scroll of fear
 K - 2 scrolls of vulnerability {unknown}
Potions
 b - a potion of resistance
 i - a potion of cancellation
 z - a potion of haste
 A - a potion of mutation
 F - a potion of heal wounds
 L - a potion of agility
 O - a potion of invisibility
Comestibles
 c - 12 rations


   Skills:
 * Level 13.0 Fighting
 * Level 15.5 Axes
 + Level 11.2 Armour
 + Level 7.9 Dodging
 - Level 0.8 Evocations


You had 11 spell levels left.
You didn't know any spells.
Your spell library contained the following spells:

 Spells                   Type           Power        Failure   Level  Hunger
 Animate Skeleton         Necr           N/A          95%         1    ##.....
 Apportation              Tloc           #.....       95%         1    ##.....
 Confusing Touch          Hex            #.....       95%         1    ##.....
 Summon Small Mammal      Summ           #...         95%         1    ##.....
 Sublimation of Blood     Necr           #.........   98%         2    ###....
 Confuse                  Hex            #.......     100%        3    ####...
 Gell's Gravitas          Tloc           #.........   100%        3    ####...
 Ignite Poison            Fire/Tmut/Pois #.......     100%        3    ####...
 Cause Fear               Hex            #.........   100%        4    #####..
 Petrify                  Tmut/Erth      #.......     100%        4    #####..
 Alistair's Intoxication  Tmut/Pois      #.......     100%        5    ######.
 Irradiate                Conj/Tmut      #.........   100%        5    ######.
 Metabolic Englaciation   Hex/Ice        #.........   100%        5    ######.
 Silence                  Hex/Air        #.........   100%        5    ######.
 Yara's Violent Unravell  Hex/Tmut       #.........   100%        5    ######.
 Deflect Missiles         Chrm/Air       #.........   100%        6    #######
 Discord                  Hex            #.........   100%        8    #######


Dungeon Overview and Level Annotations

Branches:
Dungeon (11/15)            Temple (1/1) D:5            Lair (0/6) D:11
    Orc (0/2) D:9

Altars:
Ashenzari
Cheibriados
Dithmenos
Elyvilon
Fedhas
Gozag
Hepliaklqana
Kikubaaqudgha
Makhleb
Nemelex Xobeh
Okawaru
Qazlal
Ru
Sif Muna
Trog
Uskayaw
Vehumet
Wu Jian
Xom
Yredelemnul
Zin
The Shining One

Shops:
D:7 (

Annotations:
D:7 1 runed translucent door, voshxz's ghost, novice TrBe
D:11 1 transporter, fairgil's ghost, journeyman MiFi


Innate Abilities, Weirdness & Mutations

You reflexively headbutt those who attack you in melee.
You have a pair of horns on your head.
You are frail. (-10% HP)
You are resistant to hostile enchantments. (MR+)
You are resistant to electric shocks. (rElec)


Message History

The freezing wraith is heavily damaged.
You hit fairgil's ghost.
Your skin stops crawling.
You feel less resistant to hostile enchantments.
The death knight's dark mirror aura disappears.
The freezing wraith barely misses you.
The freezing wraith hits you but does no damage.
Your skin crawls.
You feel resistant to hostile enchantments.
You are feeling hungry.
Fairgil's ghost hits you but does no damage.
The death knight hits you but does no damage.
The freezing wraith misses you. The freezing wraith hits you.
* * * LOW HITPOINT WARNING * * *
Fairgil's ghost hits you!
* * * LOW HITPOINT WARNING * * *
The freezing wraith hits you!
* * * LOW HITPOINT WARNING * * *
The freezing wraith freezes you! You resist.
You die...

##.#.# #.###.............# #..#.#
#.................# ≈..#.##
#######...###.........# ≈≈....#
#.......©.............# ≈≈#...#
#.#############......)# ≈≈##..#
#.#..........©#..###### ≈≈#..##
#.#.........!.#.(####### ≈≈..##
#.#..##...##..#..)(.>..( ≈..##
#.#..#8...8#..#..####### #..#
#.#..##...##..#...## #. ##.#
#.#...pW©.....#....# #. ##.#
#.#..##WW.##..#...## #. ...####
#.#..#8@..8#..#...# #. #.....#
#.#..##...##..#...# #. #####.#
#.#...........#...# #. #.#
#)#....!$?....#...# #)
#####.####.#############...## #(
#........#.......©..........## ##
#.###.##.###..##...###.......##
......##.###.#.#..###.........###
....................'.........'..
...[..##.<##.#....###.........###
#.##.###..##<##.#.# ##.......##
.....# #..##..###.# ##.....##
#.######..###.# #.# ##..:##


You could see a death knight, a freezing wraith, a phantom and fairgil's ghost.

Vanquished Creatures
  Erica (D:8)
  An ugly thing (D:11)
  A manticore (D:11)
  An ice statue (D:11)
  Joseph (D:7)
  Maurice (D:8)
  A centaur skeleton (D:11)
  5 gargoyles (D:9)
  A komodo dragon (D:10)
  4 ice devils (D:11)
  2 trolls
  A hornet (D:11)
  Prince Ribbit (D:7)
  A hippogriff (D:10)
  Sigmund (D:5)
  10 yaks
  Grum (D:8)
  2 wraiths
  A hungry ghost (D:8)
  An acid dragon (D:11)
  A water moccasin (D:11)
  2 porcupines (D:11)
  A sky beast (D:6)
  4 orc warriors
  2 phantoms
  2 black bears
  3 ogres
  4 necrophages
  2 wolves (D:8)
  13 centaurs
  A crocodile (D:11)
  5 big kobolds
  A gnoll sergeant (D:10)
  4 bullfrogs
  A water moccasin skeleton (D:10)
  6 scorpions
  5 killer bees (D:11)
  8 wights
  5 crimson imps
  5 howler monkeys
  2 bullfrog zombies
  3 centaur zombies
  10 hounds
  5 jellies
  3 orc priests (D:8)
  4 bullfrog skeletons
  4 iguanas
  8 orc wizards
  6 worker ants
  A killer bee zombie (D:6)
  3 hound skeletons
  A howler monkey zombie (D:7)
  2 worker ant zombies
  9 gnolls
  A howler monkey skeleton (D:4)
  13 adders
  2 shadow imps (D:11)
  8 ufetubi (D:11)
  2 adder zombies
  A dart slug (D:2)
  6 leopard geckos
  24 orcs
  6 ball pythons
  7 bats
  7 giant cockroaches
  6 goblins
  7 hobgoblins
  10 jackals
  39 kobolds
  A quokka (D:7)
  7 frilled lizards
  2 jackal skeletons
  A leopard gecko skeleton (D:6)
  A leopard gecko zombie (D:8)
  A quokka zombie (D:5)
  7 rats
  2 fungi (D:11)
  A plant (D:11)
336 creatures vanquished.

Vanquished Creatures (others)
  4 fungi (D:11)
  2 withered plants (D:7)
6 creatures vanquished.

Grand Total: 342 creatures vanquished

Notes
Turn   | Place    | Note
-------+----------+-------------------------------------------
     0 | D:1      | Dragon00 the Minotaur Berserker began the quest for the
                  | Orb.
     0 | D:1      | Reached XP level 1. HP: 19/19 MP: 0/0
    62 | D:1      | Reached XP level 2. HP: 25/27 MP: 1/1
   207 | D:1      | Reached skill level 4 in Axes
   662 | D:2      | Reached XP level 3. HP: 17/33 MP: 2/2
   666 | D:2      | Reached ** piety under Trog
  1099 | D:2      | Reached skill level 5 in Axes
  1108 | D:2      | Reached XP level 4. HP: 40/41 MP: 3/3
  1170 | D:2      | Gained mutation: You are frail. (-10% HP) [potion of
                  | mutation]
  1170 | D:2      | Gained mutation: You are resistant to electric shocks.
                  | (rElec) [potion of mutation]
  1170 | D:2      | Gained mutation: You are resistant to hostile enchantments.
                  | (MR+) [potion of mutation]
  1252 | D:2      | Found a glowing silver altar of Zin.
  1394 | D:2      | Found a faded altar of an unknown god.
  2064 | D:3      | Reached skill level 10 in Axes
  2064 | D:3      | Reached XP level 5. HP: 47/47 MP: 4/4
  2065 | D:3      | Reached skill level 12 in Axes
  2065 | D:3      | Reached skill level 5 in Dodging
  2065 | D:3      | Reached XP level 6. HP: 57/57 MP: 5/5
  2503 | D:4      | Reached *** piety under Trog
  2503 | D:4      | Reached XP level 7. HP: 63/63 MP: 6/6
  3511 | D:5      | Entered Level 5 of the Dungeon
  3646 | D:5      | Noticed Sigmund
  3659 | D:5      | Killed Sigmund
  3659 | D:5      | Reached skill level 13 in Axes
  3659 | D:5      | Reached XP level 8. HP: 70/70 MP: 7/7
  3939 | D:5      | Found a staircase to the Ecumenical Temple.
  4161 | Temple   | Entered the Ecumenical Temple
  4237 | D:6      | Found a hazy altar of Hepliaklqana.
  5098 | D:7      | Reached **** piety under Trog
  5125 | D:7      | Reached skill level 10 in Fighting
  5152 | D:7      | Found a runed translucent door.
  5152 | D:7      | Noticed voshxz's ghost (novice TrBe)
  5194 | D:7      | Noticed Joseph
  5200 | D:7      | Reached XP level 9. HP: 44/76 MP: 8/8
  5213 | D:7      | Noticed Prince Ribbit
  5221 | D:7      | Killed Prince Ribbit
  5232 | D:7      | Killed Joseph
  5613 | D:7      | Found Beubrock's Weapon Shop.
  5676 | D:7      | Found a shimmering altar of Xom.
  5837 | D:7      | Found a burning altar of Makhleb.
  5919 | D:8      | Noticed Erica
  5926 | D:8      | Killed Erica
  5971 | D:8      | Found a white marble altar of Elyvilon.
  6078 | D:8      | Noticed Grum
  6093 | D:8      | Reached XP level 10. HP: 53/84 MP: 9/9
  6098 | D:8      | Killed Grum
  6433 | D:8      | Noticed Maurice
  6457 | D:8      | Killed Maurice
  6457 | D:8      | Reached skill level 14 in Axes
  6711 | D:8      | Reached ***** piety under Trog
  6716 | D:8      | Reached skill level 10 in Armour
  6906 | D:9      | Found a deep blue altar of Sif Muna.
  6951 | D:9      | Found a bloodstained altar of Trog.
  6973 | D:9      | Found a sparkling altar of Nemelex Xobeh.
  6987 | D:9      | Found a blossoming altar of Fedhas.
  6990 | D:9      | Found a radiant altar of Vehumet.
  7338 | D:9      | Found a staircase to the Orcish Mines.
  7367 | D:9      | Received a gift from Trog
  7459 | D:9      | Noticed a gargoyle
  7459 | D:9      | Noticed a gargoyle
  7461 | D:9      | Noticed a gargoyle
  7472 | D:9      | Killed a gargoyle
  7476 | D:9      | Killed a gargoyle
  7482 | D:9      | Killed a gargoyle
  7528 | D:9      | Noticed a gargoyle
  7530 | D:9      | Killed a gargoyle
  7530 | D:9      | Reached XP level 11. HP: 45/93 MP: 10/10
  7856 | D:10     | Entered Level 10 of the Dungeon
  8019 | D:10     | Found a sacrificial altar of Ru.
  8086 | D:10     | Received a gift from Trog
  8396 | D:10     | Found a shimmering altar of Xom.
  8917 | D:11     | Found a shadowy altar of Dithmenos.
  8993 | D:11     | Reached skill level 15 in Axes
  9133 | D:11     | Found a transporter.
  9177 | D:11     | Received a gift from Trog
  9401 | D:11     | Found a transporter.
  9401 | D:11     | Noticed fairgil's ghost (journeyman MiFi)
  9631 | D:11     | Found a staircase to the Lair.
  9705 | D:11     | Noticed a purple ugly thing
  9712 | D:11     | Killed a purple ugly thing
  9945 | D:11     | Noticed a death knight
 10558 | D:11     | Reached XP level 12. HP: 27/103 MP: 11/11
 10792 | D:11     | HP: 5/103 [fairgil's ghost (6)]
 10797 | D:11     | HP: 1/103 [freezing wraith (8)]
 10797 | D:11     | Mangled by a freezing wraith

Skill      XL: |  1  2  3  4  5  6  7  8  9 10 11 |
---------------+----------------------------------+-----
Fighting       | 4 8 9 10 11 13 | 13.0
Axes           | 4 5 10 12 13 14 15 | 15.5
Armour         | 7 8 9 10 11 | 11.2
Dodging        | 5 6 7 |  7.9
Evocations     | |  0.8

Action                   |  1- 3 |  4- 6 |  7- 9 | 10-12 || total
-------------------------+-------+-------+-------+-------++-------
Melee: Hand axe          |    73 |    59 |   304 |    89 ||   525
       Headbutt          |     4 |     6 |    63 |   108 ||   181
       War axe           |       |       |       |   294 ||   294
       Broad axe         |       |       |       |   130 ||   130
Throw: Tomahawk          |       |       |     2 |     3 ||     5
Invok: Trog's Hand       |       |       |     2 |     3 ||     5
       Berserk           |       |       |     1 |     3 ||     4
 Abil: Evoke Flight      |       |       |       |     3 ||     3
Evoke: Wand              |       |     2 |       |     2 ||     4
  Use: Scroll            |     8 |     3 |     9 |     2 ||    22
       Potion            |       |     7 |     5 |     7 ||    19
  Eat: Chunk             |     1 |     3 |    14 |     8 ||    26
       Ration            |       |       |       |     3 ||     3
Armor: Animal skin       |    11 |       |       |       ||    11
       Scale mail        |     7 |    23 |    82 |    18 ||   130
       Chain mail        |       |       |       |   190 ||   190
Dodge: Dodged            |    41 |    25 |   137 |   271 ||   474
